AoeStats
← RedPhosphoru

Arabian Desert

510210827Analyzed
1v1 RM · 1d ago on Sep 30, 2026· 23m 16s· 2 players
Game mode
Random Map
Map size
Tiny (2 player)
Population
200
Speed
Normal
Resources
Standard
Victory
Conquest
Starting age
Dark Age
Ending age
Imperial Age
RankedLock teamsTeams togetherTeam positionsShared explorationLock speedFull tech treeHidden civsTurbo modeCheats
Victory
Defeat
🇺🇸 Bohemians · United States
2351
+9
🇪🇬 Tupi · Egypt
2194
-9
RedPhosphoru
7:30 Loom
11:09 Feudal Age
12:15 Town Watch
16:00 Castle Age
14:35 Double-Bit Axe
23:02 Redemption
23:13 Sanctity
23:26 Fervor
Ghosty
3:39 Loom
11:37 Feudal Age
15:51 Castle Age
14:27 Double-Bit Axe
Connection lost

Rejoining the realm…

Still unreachable

The connection could not be restored.

Session expired

The server has moved on; the page needs a fresh start.